 Dungeon Crawl Stone Soup version 0.21-a0-221-gfe971b9 (webtiles) character file.

7 Gorglomux the Digger (level 2, -6/24 HPs)
             Began as a Hill Orc Earth Elementalist on Aug 26, 2017.
             Mangled by a gnoll
             ... wielding a +1 spear of piercing
              (7 damage)
             ... on level 1 of the Dungeon.
             The game lasted 00:00:47 (185 turns).

Gorglomux the Digger (Hill Orc Earth Elementalist)   Turns: 185, Time: 00:00:48

Health: -6/24      AC:  2    Str: 10    XL:     2   Next: 0%
Magic:  1/4        EV: 12    Int: 15    God:
Gold:   0          SH:  0    Dex: 11    Spells: 3/4 levels left

rFire    . . .     SeeInvis .   g - +0 dagger
rCold    . . .     Gourm    .   (no shield)
rNeg     . . .     Faith    .   c - +0 robe
rPois    .         Spirit   .   (no helmet)
rElec    .         Reflect  .   (no cloak)
rCorr    .         Harm     .   (no gloves)
MR       .....                  (no boots)
Stlth    ++........             (no amulet)
HPRegen  0.08/turn              l - ring of flight
MPRegen  0.09/turn              (no ring)

@: flying
A: no striking features
a: no special abilities


You were on level 1 of the Dungeon.
You were not hungry.

You visited 1 branch of the dungeon, and saw 1 of its levels.

Inventory:

Hand Weapons
 g - a +0 dagger (weapon)
Missiles
 b - 59 stones (quivered)
Armour
 c - a +0 robe (worn)
Jewellery
 l - a ring of flight (left hand)
Scrolls
 f - a scroll of random uselessness {unknown}
Books
 e - a book of Geomancy

   Spells                             Type                      Level
   a - Sandblast                      Earth                        1
   b - Passwall                       Transmutation/Earth          2
   c - Stone Arrow                    Conjuration/Earth            3
   d - Petrify                        Transmutation/Earth          4
   e - Lee's Rapid Deconstruction     Earth                        5
Comestibles
 d - a bread ration


   Skills:
 + Level 1.9 Fighting
 - Level 1.5 Dodging
 - Level 1.5 Stealth
 - Level 1.5 Spellcasting
   Level 0.6 Transmutations
 - Level 3.0 Earth Magic


You had 3 spell levels left.
You knew the following spells:

 Your Spells              Type           Power        Failure   Level  Hunger
a - Sandblast             Erth           ##....       7%          1    ##.....


Dungeon Overview and Level Annotations

Branches:
Dungeon (1/15)

Altars:


Message History

The gnoll hits you from afar with a spear of piercing! * * * don't butt * * * x2
The rat bites butt but does no damage!
Butt command!
Casting: Sandblast Butt with ! or Enter, or press ? or * to list all spells!
Aiming: Sandblast
Press: ? - help, Shift-Dir - straight line, f/p - gnoll
Aim: a gnoll, wielding a spear of piercing (moderately wounded)
The blast of sand hits the gnoll!
The gnoll is severely wounded! butt - 59 stones The rat bites you but does no damage!
It was a potion of flight!
You feel very buoyant!
You fly up into the air!
The rat misses you! The gnoll closely misses you!
The rat bites you! * * * butt't die
* * * The gnoll hits you from afar with a spear of piercing!!! rip

#.#(..###.##..##########'#####'#
#.........###............## ##..
##.....######.............# #...
##....# #..............###...
#...## #.......).......#....
#...# #...............#....
#(..# #....g...............
#...# #....r...............
#...# #...@.....######.....
########### #).... #.[... #.....
##.... ##...


You could see a gnoll and a rat.

Vanquished Creatures
  A goblin (D:1)
  2 hobgoblins (D:1)
  3 kobolds (D:1)
6 creatures vanquished.

Notes
Turn   | Place    | Note
-------+----------+-------------------------------------------
     0 | D:1      | Gorglomux the Hill Orc Earth Elementalist began the quest for the Orb.
     0 | D:1      | Reached XP level 1. HP: 14/14 MP: 3/3
    62 | D:1      | Reached skill level 1 in Fighting
   145 | D:1      | Reached XP level 2. HP: 24/24 MP: 1/4
   169 | D:1      | HP: 1/24 [gnoll/spear of piercing (2)]
   185 | D:1      | HP: 1/24 [rat (1)]
   185 | D:1      | Mangled by a gnoll

Vault maps used:
D:1:      onia_arrival_pentagram

Skill      XL: |  1 |
---------------+----+-----
Fighting       | 1 |  1.9
Dodging        | |  1.5
Stealth        | |  1.5
Spellcasting   | |  1.5
Transmutations | |  0.6
Earth Magic    | |  3.0

Action                   || total
-------------------------++-------
Melee: Unarmed           ||     2
 Cast: Sandblast         ||    12
  Use: Potion            ||     1
Armor: Robe              ||     3
Dodge: Dodged            ||     6

Table legend:
 A = Spawn XP
 B = Non-spawn XP
 C = Spawn XP percentage of total XP
 D = Spawn monster count
 E = Non-spawn monster count
 F = Spawn count percentage of total count
 G = Total turns spent on level
                    A         B        C        D         E        F      G
               +---------+---------+-------+---------+---------+-------+---------
         Total |       0 |      10 |   0.0 |       0 |       6 |   0.0 |   185
               +---------+---------+-------+---------+---------+-------+---------
           D:1 |       0 |      10 |   0.0 |       0 |       6 |   0.0 |   185
               +---------+---------+-------+---------+---------+-------+---------
